 Dungeon Crawl Stone Soup version 0.21.1-1-g345015fe64 (webtiles) character file.

7251 Marvel the Impaler (level 11, -9/133 HPs)
             Began as a Merfolk Berserker on Feb 18, 2018.
             Was a High Priest of Trog.
             Mangled by an orc warrior
             ... wielding a +0 glaive
              (26 damage)
             ... on level 2 of the Orcish Mines.
             The game lasted 00:37:53 (8507 turns).

Marvel the Impaler (Merfolk Berserker)              Turns: 8507, Time: 00:37:56

Health: -9/133     AC: 14    Str: 25 (26) XL:     11   Next: 12%
Magic:  11/11      EV: 15    Int:  5 (6)  God:    Trog [*****.]
Gold:   975        SH:  0    Dex: 15 (16) Spells: 10/10 levels left

rFire    + . .     SeeInvis .   J - +4 halberd
rCold    . . .     Gourm    .   (shield currently unavailable)
rNeg     . . .     Faith    .   e - +2 ring mail {rF+}
rPois    +         Spirit   .   m - +1 helmet
rElec    .         Reflect  .   B - +1 cloak
rCorr    .         Harm     .   (no gloves)
MR       .....                  (no boots)
Stlth    ..........             h - amulet of regeneration
HPRegen  0.00/turn              y - ring of poison resistance
MPRegen  0.12/turn              k - +1 ring of protection

@: berserking (expiring), very quick
A: change form in water, swift swim, stealthy swim, iridescent scales 1, agile
1, deterioration 1, poison resistance, inhibited regeneration
a: Berserk, Trog's Hand, Brothers in Arms, Burn Spellbooks, Renounce Religion


You were on level 2 of the Orcish Mines.
You worshipped Trog.
Trog was extremely pleased with you.
You were not hungry.

You visited 3 branches of the dungeon, and saw 13 of its levels.

You collected 987 gold pieces.
You spent 12 gold pieces at shops.

Inventory:

Hand Weapons
 v - a +0 blowgun
 A - a +2 quarterstaff of chaos
 J - a +4 halberd (weapon)
Missiles
 d - 17 poisoned needles
 w - 5 curare-tipped needles
 H - 5 needles of sleeping
Armour
 b - a +0 animal skin
 e - a +2 ring mail of fire resistance (worn)
 g - a +2 hat
 m - a +1 helmet (worn)
 z - a +0 cloak
 B - a +1 cloak (worn)
 F - the cursed +0 robe of Dolu {Int+4}
   (You found it on level 9 of the Dungeon)

   It affects your intelligence (+4).
   It has a curse placed upon it.
 I - the cursed +0 leather armour "Feeseilu" {Regen+ Str+4}
   (You took it off a goblin on level 9 of the Dungeon)

   It affects your strength (+4).
   It increases your rate of regeneration.
   It has a curse placed upon it.
Jewellery
 h - an amulet of regeneration (around neck)
 i - an uncursed amulet of magic regeneration {unknown}
 k - a +1 ring of protection (right hand)
 p - an uncursed ring of magical power
 q - an uncursed ring of wizardry
 x - an uncursed ring of teleportation
 y - a ring of poison resistance (left hand)
Wands
 G - a wand of paralysis (7)
Scrolls
 f - 11 scrolls of identify
 j - 3 scrolls of remove curse
 l - a scroll of enchant armour
 r - 4 scrolls of teleportation
 E - a scroll of fear
Potions
 a - 4 potions of degeneration
 n - a potion of curing
 o - 2 potions of cancellation
 s - 3 potions of flight
 t - a potion of haste
 u - a potion of ambrosia
 C - a potion of might
Comestibles
 c - 15 rations
 D - a chunk of flesh


   Skills:
 + Level 9.2 Fighting
 + Level 16.6 Polearms
 - Level 1.0 Throwing
 - Level 1.5 Armour
 + Level 7.2 Dodging
 * Level 7.6 Stealth


You had 10 spell levels left.
You didn't know any spells.

Dungeon Overview and Level Annotations

Branches:
Dungeon (10/15)            Temple (1/1) D:4             Orc (2/2) D:9
   Lair: D:8-11         Elf: Orc:2

Altars:
Dithmenos
Beogh

Shops:
D:4 (   D:5 !   Orc:2 (

Annotations:
D:6 Sigmund


Innate Abilities, Weirdness & Mutations

You revert to your normal form in water.
You are very nimble and swift while swimming.
You are very stealthy in the water. (Stealth+)
You are partially covered in iridescent scales. (AC +2)
You are agile. (Dex +2)
Your body sometimes deteriorates upon taking damage.
Your system is resistant to poisons. (rPois)
You do not regenerate when monsters are visible.


Message History

You kill the orc!
Trog accepts your kill.
You hit the ettin.
The ettin is lightly wounded.
The orc knight completely misses you. The orc warrior barely misses you.
The orc closely misses you.
You impale the ettin!!
The ettin is heavily wounded.
The ettin closely misses you. The ettin completely misses you.
The orc warrior misses you.
You barely miss the ettin.
The ettin is heavily wounded.
You slice the ettin!!
The ettin is almost dead.
The orc warrior no longer looks unusually strong.
The orc knight hits you but does no damage.
The orc hits you with a flail.
* * * LOW HITPOINT WARNING * * *
The orc warrior hits you from afar with a glaive!!
You die...

....
...................#
....
...................#
....
..................##
....
...................#
....
...............$..#
....
..................##
....
...................#
...
..................##
.........o@o......#
........C)o......#
.......o........#
..............##
...............#
..............##
...............
...............


You could see an orc knight, an ettin, 2 orc warriors and an orc.

Vanquished Creatures
  A two-headed ogre (D:8)
  An orc high priest (Orc:1)
  The ghost of garbagetei the Firebug, a novice DsFE (D:5)
  Prince Ribbit (D:8)
  Grinder (D:5)
  2 hippogriffs
  A spriggan (D:7)
  A wyvern (D:9)
  A hungry ghost (D:5)
  Edmund (D:4)
  The ghost of BrokenGlass the Insei, an amateur OpFi of Ru (D:4)
  A warg (Orc:2)
  An ice beast (D:8)
  9 orc warriors
  A necrophage (D:8)
  6 ogres
  5 centaurs
  A crocodile (D:9)
  A big kobold (D:8)
  3 bullfrogs
  2 scorpions
  3 wights (D:9)
  A howler monkey (D:9)
  2 crimson imps
  A bullfrog zombie (D:7)
  A centaur zombie (D:7)
  2 quasits (D:8)
  3 jellies
  Crazy Yiuf (D:7)
  4 hounds
  5 orc priests (Orc:2)
  11 orc wizards
  4 iguanas
  Ijyb (D:3)
  7 worker ants
  A killer bee zombie (D:8)
  A worker ant zombie (D:7)
  5 gnolls
  17 adders
  2 shadow imps
  8 worms
  3 dart slugs
  6 leopard geckos
  40 orcs
  3 bats
  12 giant cockroaches
  17 goblins
  7 hobgoblins
  11 jackals
  A quokka (D:4)
  2 ball pythons
  6 frilled lizards
  A jackal skeleton (D:5)
  8 kobolds
  A leopard gecko skeleton (D:5)
  2 quokka skeletons (D:5)
  9 rats
251 creatures vanquished.

Notes
Turn   | Place    | Note
-------+----------+-------------------------------------------
     0 | D:1      | Marvel the Merfolk Berserker began the quest for the Orb.
     0 | D:1      | Reached XP level 1. HP: 18/18 MP: 1/1
   161 | D:1      | Reached XP level 2. HP: 20/24 MP: 2/2
   342 | D:1      | Reached skill level 5 in Polearms
   565 | D:1      | Reached XP level 3. HP: 20/30 MP: 3/3
   881 | D:2      | Reached ** piety under Trog
   891 | D:2      | Reached skill level 6 in Polearms
   892 | D:2      | Gained mutation: Your body sometimes deteriorates upon taking damage. [potion of mutation]
   892 | D:2      | Gained mutation: You are partially covered in iridescent scales. (AC +2) [potion of mutation]
   892 | D:2      | Gained mutation: Your spells are a little harder to cast, but a little more powerful. [potion of mutation]
   894 | D:2      | Reached XP level 4. HP: 11/37 MP: 4/4
   915 | D:2      | HP: 1/37 [poisoned by an adder]
  1891 | D:3      | Reached XP level 5. HP: 42/42 MP: 5/5
  1916 | D:3      | Reached skill level 7 in Polearms
  2167 | D:3      | Noticed Ijyb
  2173 | D:3      | Killed Ijyb
  2357 | D:3      | Reached *** piety under Trog
  2586 | D:4      | Noticed an ogre
  2737 | D:4      | Killed an ogre
  2737 | D:4      | Reached skill level 8 in Polearms
  2737 | D:4      | Reached XP level 6. HP: 49/49 MP: 6/6
  2854 | D:4      | Noticed a hippogriff
  2866 | D:4      | Reached skill level 9 in Polearms
  2877 | D:4      | Killed a hippogriff
  2877 | D:4      | Reached XP level 7. HP: 26/55 MP: 7/7
  3043 | D:4      | Noticed BrokenGlass's ghost (amateur OpFi)
  3121 | D:4      | Reached skill level 10 in Polearms
  3135 | D:4      | Found Neckella's Weapon Shop.
  3288 | D:4      | Killed BrokenGlass's ghost
  3301 | D:4      | Reached skill level 5 in Fighting
  3393 | D:4      | Got a bloodstained helmet
  3394 | D:4      | Identified the cursed +0 helmet "Anoelybo" {rPois rN+ rCorr Int+2} (You found it on level 4 of the Dungeon)
  3437 | D:4      | Found a staircase to the Ecumenical Temple.
  3437 | D:4      | Noticed Edmund
  3453 | D:4      | Killed Edmund
  3453 | D:4      | Reached skill level 11 in Polearms
  3453 | D:4      | Reached skill level 1 in Throwing
  3453 | D:4      | Reached XP level 8. HP: 62/62 MP: 8/8
  3458 | Temple   | Entered the Ecumenical Temple
  3671 | D:5      | Entered Level 5 of the Dungeon
  3741 | D:5      | Reached skill level 1 in Stealth
  3785 | D:5      | Found Witzes's Distillery.
  3860 | D:5      | Bought a potion of degeneration for 12 gold pieces
  3945 | D:5      | Noticed Grinder
  3945 | D:5      | Paralysed by Grinder for 7 turns
  3986 | D:5      | Killed Grinder
  4065 | D:5      | Reached skill level 5 in Dodging
  4165 | D:5      | Noticed garbagetei's ghost (novice DsFE)
  4185 | D:5      | Killed garbagetei's ghost
  4185 | D:5      | Reached skill level 12 in Polearms
  4185 | D:5      | Reached XP level 9. HP: 69/69 MP: 9/9
  4297 | D:5      | Reached skill level 13 in Polearms
  4568 | D:5      | Reached **** piety under Trog
  4688 | D:6      | Lost mutation: Your spells are a little harder to cast, but a little more powerful. [potion of mutation]
  4688 | D:6      | Lost mutation: Your body sometimes deteriorates upon taking damage. [potion of mutation]
  4688 | D:6      | Gained mutation: Your body sometimes deteriorates upon taking damage. [potion of mutation]
  4688 | D:6      | Gained mutation: You are agile. (Dex +2) [potion of mutation]
  4688 | D:6      | Gained mutation: You do not regenerate when monsters are visible. [potion of mutation]
  4688 | D:6      | Gained mutation: Your system is resistant to poisons. (rPois) [potion of mutation]
  4826 | D:6      | Noticed Sigmund
  5406 | D:7      | Found a runed door.
  5421 | D:7      | You fall through a shaft for 3 floors!
  5421 | D:10     | Entered Level 10 of the Dungeon
  5444 | D:8      | Reached skill level 14 in Polearms
  5527 | D:8      | Reached skill level 5 in Stealth
  5911 | D:8      | Noticed Prince Ribbit
  6083 | D:8      | Killed Prince Ribbit
  6083 | D:8      | Reached XP level 10. HP: 44/79 MP: 10/10
  6100 | D:8      | Noticed a two-headed ogre
  6473 | D:7      | Noticed Crazy Yiuf
  6481 | D:7      | Killed Crazy Yiuf
  6545 | D:8      | Killed a two-headed ogre
  6545 | D:8      | Reached skill level 15 in Polearms
  7355 | D:9      | Found a staircase to the Orcish Mines.
  7408 | D:9      | Received a gift from Trog
  7478 | Orc:1    | Entered Level 1 of the Orcish Mines
  7485 | Orc:1    | Noticed an orc high priest
  7507 | Orc:1    | Killed an orc high priest
  7522 | Orc:1    | Reached skill level 16 in Polearms
  7526 | Orc:1    | Reached ***** piety under Trog
  7539 | D:9      | Got a jewelled leather armour
  7541 | D:9      | Identified the cursed +0 leather armour "Feeseilu" {Regen+ Str+4} (You took it off a goblin on level 9 of the Dungeon)
  7638 | D:9      | Got a warped robe
  7639 | D:9      | Identified the cursed +0 robe of Dolu {Int+4} (You found it on level 9 of the Dungeon)
  7786 | D:9      | Found a shadowy altar of Dithmenos.
  8037 | Orc:1    | Found a roughly hewn altar of Beogh.
  8086 | Orc:1    | Reached XP level 11. HP: 76/87 MP: 11/11
  8252 | Orc:2    | Entered Level 2 of the Orcish Mines
  8431 | Orc:2    | Found Neisur's Antique Weapon Emporium.
  8479 | Orc:2    | Noticed an orc knight
  8488 | Orc:2    | Noticed an ettin
  8507 | Orc:2    | Mangled by an orc warrior

Skill      XL: |  1  2  3  4  5  6  7  8  9 10 11 |
---------------+----------------------------------+-----
Polearms       | 5 6 8 9 11 12 14 16 | 16.6
Fighting       | 4 5 6 7 8 9 |  9.2
Dodging        | 3 4 5 6 7 |  7.2
Throwing       | 1 |  1.0
Stealth        | 3 5 7 |  7.6
Armour         | |  1.5

Action                   |  1- 3 |  4- 6 |  7- 9 | 10-12 || total
-------------------------+-------+-------+-------+-------++-------
Melee: Spear             |    61 |       |       |       ||    61
       Halberd           |    48 |   182 |   321 |   245 ||   796
 Fire: Blowgun           |       |     1 |     3 |       ||     4
Invok: Trog's Hand       |       |       |     3 |       ||     3
       Berserk           |       |       |     6 |     4 ||    10
  Use: Potion            |     2 |     8 |     2 |     1 ||    13
       Scroll            |       |       |    10 |     2 ||    12
 Stab: Distracted        |     1 |       |       |     1 ||     2
       Sleeping          |       |       |     4 |     4 ||     8
  Eat: Chunk             |       |     5 |     7 |    12 ||    24
       Ration            |       |     1 |     3 |       ||     4
Armor: Ring mail         |    29 |    75 |   122 |    47 ||   273
Dodge: Dodged            |    64 |   128 |   168 |   142 ||   502
